 Dungeon Crawl Stone Soup version 0.20.1-1-g8b1a95d (webtiles) character file.

1409562 dstrtn the Acrobat (level 26, 109/122 HPs)
             Began as a Felid Enchanter on Dec 13, 2017.
             Was an Elder of Ashenzari.
             Escaped with the Orb
             ... and 3 runes on Dec 16, 2017!
             The game lasted 10:38:19 (101936 turns).

dstrtn the Acrobat (Felid Enchanter)              Turns: 101936, Time: 10:38:20

Health: 109/122    AC:  7    Str:  7    XL:     26   Next: 39%
Magic:  41/42      EV: 42    Int: 16    God:    Ashenzari [****..]
Gold:   1890       SH:  0    Dex: 23    Spells: 2/65 levels left
                                        Lives:  2   Deaths: 0

rFire    + . .     SeeInvis +     - Unarmed
rCold    + . .     Gourm    .   (shield unavailable)
rNeg     . . .     Faith    .   (armour unavailable)
rPois    +         Spirit   .   (helmet unavailable)
rElec    +         Reflect  .   (cloak unavailable)
rCorr    .         Harm     .   (gloves unavailable)
MR       +++++     Clarity  +   (boots unavailable)
Stlth    ++........             D - necklace of Bloodlust {*Rage +Rage MR++ Int-3 Slay+6 *Curse} (curse)
Regen    0.3/turn               Z - ring of Bigam {rElec rPois rF+ MR+} (curse)
MPRegen  0.3/turn               G - ring of magical power (curse)

@: hasted, deflect missiles, very quick
A: no armour, no weapons or thrown items, stealth, claws 1, fangs 3, molten
scales 1, thin metallic scales 1, see invisible, carnivore 3, speed 1, low mp 3,
shaggy fur 3, slow metabolism 1, sharp paws
0: Orb of Zot
}: 3/15 runes: barnacled, abyssal, gossamer
a: Curse Item, Scrying, Renounce Religion, Evoke Berserk Rage


You escaped.
You worshipped Ashenzari.
Ashenzari was greatly pleased with you.
You were full.

You visited 9 branches of the dungeon, and saw 48 of its levels.
You visited the Abyss 1 time.
You also visited: Ossuary and Ice Cave.

You collected 6383 gold pieces.
You spent 4493 gold pieces at shops.

Inventory:

Jewellery
 j - the ring "Wead" {+Fly Str+2}
   (You found it on level 3 of the Abyss)

   [ring of strength]

   It affects your strength (+2).
   It lets you fly.
 n - an uncursed ring of wizardry
 o - an uncursed ring of fire
 C - an uncursed amulet of guardian spirit
 D - the cursed necklace of Bloodlust (around neck) {*Rage +Rage MR++ Int-3 Slay+6 *Curse}
   (You acquired it on level 12 of the Dungeon)

   [amulet of rage]

   It affects your intelligence (-3).
   It affects your accuracy and damage with ranged weapons and melee attacks
   (+6).
   It affects your resistance to hostile enchantments.
   It lets you go berserk.
   It may make you go berserk in combat.
   It curses itself when equipped.
   It has a curse placed upon it.
 E - the amulet "Zemann" {Gourm rPois rF+}
   (You found it on level 3 of the Elven Halls)

   [amulet of the gourmand]

   It allows you to eat raw meat even when not hungry.
   It protects you from fire.
   It protects you from poison.
 G - a cursed ring of magical power (right paw)
 L - the amulet "Sapos" {Reflect *Contam rC++ Dex-3 SH+6 Stlth+}
   (You bought it in a shop on level 3 of the Vaults)

   [amulet of reflection]

   It shields you and reflects attacks.
   It affects your dexterity (-3).
   It greatly protects you from cold.
   It causes magical contamination when unequipped.
   It affects your SH (+6).
   It makes you more stealthy.
 Z - the cursed ring of Bigam (left paw) {rElec rPois rF+ MR+}
   (You bought it in a shop on level 3 of the Elven Halls)

   [ring of poison resistance]

   It protects you from fire.
   It insulates you from electricity.
   It protects you from poison.
   It affects your resistance to hostile enchantments.
   It has a curse placed upon it.
Wands
 a - a wand of iceblast (9/15)
 B - a wand of acid (8/15)
 F - a wand of scattershot (0/9)
 P - a wand of disintegration (16/24)
 Q - a wand of clouds (2/9)
 T - a wand of disintegration (9/24)
 V - a wand of digging (12/24)
Scrolls
 d - 2 scrolls of vulnerability {!r}
 g - 9 scrolls of blinking
 m - 14 scrolls of teleportation
 q - 5 scrolls of identify
 w - 3 scrolls of holy word
 x - 2 scrolls of summoning
 A - 8 scrolls of fear
 M - 8 scrolls of remove curse
 O - 2 scrolls of silence
 R - a scroll of noise {!r}
 U - 2 scrolls of fog
Potions
 c - 5 potions of magic
 e - 8 potions of curing
 i - 8 potions of mutation {!q}
 l - 11 potions of might
 p - 5 potions of invisibility
 s - 3 potions of flight
 t - 11 potions of brilliance
 u - a potion of haste
 v - a potion of resistance
 J - 2 potions of cancellation
 K - a potion of agility
 Y - 6 potions of ambrosia
Books
 k - a Necronomicon

   Spells                             Type                      Level
   a - Haunt                          Necromancy/Summoning         7
   b - Borgnjor's Revivification      Necromancy                   8
   c - Death's Door                   Charms/Necromancy            8
   d - Infestation                    Necromancy                   8
   e - Necromutation                  Transmutation/Necromancy     8
Miscellaneous
 r - a phial of floods
 z - a sack of spiders
 I - a box of beasts
 N - 2 phantom mirrors
 W - a lightning rod (4/4) {!a}
Comestibles
 b - 32 meat rations
 h - 5 royal jellies


   Skills:
 - Level 16.0 Fighting
 - Level 26.2 Dodging
 - Level 12.6 Stealth
 - Level 14.0 Unarmed Combat
 - Level 20.0 Spellcasting
 - Level 12.0(15.1) Conjurations
 - Level 11.4(14.6) Hexes
 - Level 7.0(10.5) Charms
 - Level 15.0(18.0) Summonings
 - Level 3.3(6.4) Necromancy
 - Level 2.0(4.6) Translocations
 - Level 1.0(3.0) Transmutations
 - Level 2.0(4.6) Ice Magic
 - Level 6.4(10.0) Air Magic
 + Level 13.7(16.7) Earth Magic
 - Level 11.1(14.2) Evocations


You had 2 spell levels left.
You knew the following spells:

 Your Spells              Type           Power        Failure   Level  Hunger
a - Animate Dead          Necr           N/A          2%          4    None
d - Deflect Missiles      Chrm/Air       #####.....   7%          6    #####..
h - Shadow Creatures      Summ           N/A          1%          6    #####..
l - Blink                 Tloc           N/A          1%          2    None
o - Ozocubu's Armour      Chrm/Ice       #####...     1%          3    None
p - Apportation           Tloc           ####..       1%          1    None
q - Confusing Touch       Hex            ######       0%          1    None
r - Regeneration          Chrm/Necr      #####.....   1%          3    None
s - Spellforged Servitor  Conj/Summ      ######....   3%          7    ######.
v - Summon Mana Viper     Hex/Summ       ######..     1%          5    ###....
w - Passwall              Tmut/Erth      #####.....   1%          2    None
x - Summon Lightning Spi  Summ/Air       ######..     1%          4    None
H - Summon Hydra          Summ           ######....   1%          7    ######.
I - Invisibility          Hex            ######..     1%          6    #####..
S - Iron Shot             Conj/Erth      ######....   1%          6    #####..


Dungeon Overview and Level Annotations

Branches:
Dungeon (15/15)            Temple (0/1) D:4            Lair (6/6) D:11
 Shoals (4/4) Lair:2       Spider (4/4) Lair:3        Slime (0/5) Lair:6
    Orc (2/2) D:10            Elf (3/3) Orc:2        Vaults (4/5) D:14
  Crypt (0/3) Vaults:2     Depths (5/5) D:15            Zot (5/5) Depths:5

Altars:
Ashenzari
Cheibriados
Dithmenos
Fedhas
Gozag
Hepliaklqana
Kikubaaqudgha
Nemelex Xobeh
Qazlal
Ru
Sif Muna
Xom
Zin
Beogh
Jiyva

Shops:
D:8 =   Orc:1 :   Orc:2 ([[*   Elf:3 ==}}   Vaults:1 (   Vaults:3 *
Vaults:4 [!

Portals:
Hell: Depths:1 Depths:2 Depths:3 Depths:4 Depths:5
Abyss: Depths:4
Pandemonium: Depths:1 Depths:3 Depths:5
Ziggurat: Depths:5

Annotations:
D:6 exclusion: downstairs
D:8 exclusion: downstairs
D:9 Agrougrou's ghost, novice DsFi
D:12 2 tormentors behind iron crates
D:13 4 runed doors
Lair:2 exclusion: 2 oklob plants
Lair:4 exclusions: 2 electric eels and oklob plant
Shoals:3 exclusion: downstairs
Spider:2 exclusion: 2 downstairs
Elf:2 3 runed doors
Vaults:1 exclusion: downstairs
Depths:3 exclusion: upstairs, Mennas
Depths:4 exclusion: downstairs


Innate Abilities, Weirdness & Mutations

You cannot wear armour.
You are incapable of wielding weapons or throwing items.
Your paws allow you to move quietly. (Stealth)
You have sharp claws.
You have razor-sharp teeth.
You have supernaturally acute eyesight. (SInv)
You are carnivorous and can eat meat at any time.
You cover ground quickly.
Your thick and shaggy fur keeps you warm. (AC +3, rC+)
You have a slow metabolism.
Your sharp claws are effective at attacking unaware monsters.
You are partially covered in molten scales. (AC +2)
You are partially covered in thin metallic scales. (AC +2)
Your magical capacity is extremely low. (-30% MP)


Message History

There is a stone staircase leading up here.
You climb upwards.
Your skin stops crawling.
There is a stone staircase leading down here.
Evoke which item? (* to show all) (? for menu, Esc to quit)
Okay, then.
You feel yourself speed up.
You see here an uncursed leather armour.
Casting: Regeneration
Confirm with . or Enter, or press ? or * to list all spells.
Which direction?
You begin to meditate on the wall.
You continue meditating on the rock. x2
You finish merging with the rock.
Casting: Passwall
Confirm with . or Enter, or press ? or * to list all spells.
Which direction?
You begin to meditate on the wall.
You continue meditating on the rock. x2
You finish merging with the rock.
There is a staircase leading out of the dungeon here.
You have escaped!

######..#####≈§≈≈§≈≈#####..####.#
...##.### #≈≈≈§§§.(≈≈≈# ###.###.#
..##.## #..........§# ##.##.#
..##.# ######'###### #.##.#
#.#.###### ####8'8#### #####.##..
..#.##≈..###.........###...##.#.#
#.#.#≈≈..##...........##....#.#.#
#.#.#≈...##............#....#.#.#
#...+§...(8.....@...........'...#
###.#≈..§#(..(.........#....#.#.#
#.#§≈.(##...........##....#.#.#
#.##≈..###.........###...##.#.#
##.##### ###8'8#8### #####.##.#
#.# ######'###### #.##.# #.##
#..........)# ##.##.# ##.###
#≈≈≈.....≈≈≈# ###.###.#
##..#####≈≈≈≈≈≈≈#####..###[.#


There were no monsters in sight!

Vanquished Creatures
  A juggernaut (Depths:5)
  A curse toe (Zot:2)
  A Killer Klown (Zot:2)
  4 golden dragons
  A lich (Depths:2)
  Jorgrun (Spider:3)
  A tentacled monstrosity (Zot:1)
  4 Orb Guardians (Zot:5)
  4 deep elf blademasters (Elf:3)
  3 deep elf master archers (Elf:3)
  4 quicksilver dragons
  Polyphemus (Shoals:2)
  3 death cobs (Zot:2)
  A tentacled starspawn (Abyss:3)
  11 storm dragons
  11 draconian monks
  A storm dragon (shapeshifter) (Depths:5)
  Kirke (Spider:3)
  A shadow dragon (Zot:2)
  3 frost giants
  14 draconian knights
  2 deep elf sorcerers
  An orc warlord (Orc:2)
  3 vault wardens
  4 emperor scorpions
  4 fire giants
  7 draconian scorchers
  9 draconian shifters
  5 ghost moths
  3 deep elf elementalists
  An angel (Abyss:3)
  A war gargoyle (Depths:2)
  The ghost of othur the Bludgeoner, a journeyman GrBe of Trog (D:13)
  5 draconian stormcallers
  6 stone giants
  2 ophanim (Abyss:3)
  12 very ugly things
  12 ironheart preservers
  13 green draconians
  9 draconian annihilators
  2 entropy weavers
  3 deep elf demonologists
  A deep elf annihilator (Elf:3)
  15 white draconians
  23 purple draconians
  10 yellow draconians
  4 black draconians
  A dire elephant (Abyss:3)
  3 spark wasps
  10 red draconians
  Snorg (D:12)
  A merfolk javelineer (Shoals:3)
  An eidolon (Depths:2)
  5 deep elf death magi
  7 ettins
  7 fire dragons
  3 deep elf high priests
  A merfolk impaler (Shoals:1)
  10 vault guards
  4 great orbs of eyes
  Harold (D:12)
  13 yaktaur captains
  7 ice dragons
  A spriggan air mage (Depths:5)
  2 merfolk aquamancers (Shoals:4)
  2 satyrs
  An ogre mage (D:15)
  3 death knights (D:12)
  9 centaur warriors
  24 two-headed ogres
  8 dancing weapons
  An alligator snapping turtle (Shoals:4)
  An alligator (Shoals:4)
  7 deep troll earth magi
  6 deep troll shamans
  A merfolk avatar (Shoals:4)
  3 vampire magi
  2 tengu warriors
  A hell hog (Depths:5)
  2 titan zombies
  2 spriggan berserkers
  An orc high priest (Orc:2)
  2 thrashing horrors (Abyss:3)
  Urug (Lair:4)
  14 deep elf knights
  4 hell knights
  Sonja (D:15)
  12 skeletal warriors
  A fire crab (Lair:6)
  A sixfirhy (Depths:3)
  A soul eater (D:9)
  An iron troll (Depths:4)
  A spectral anaconda (Depths:2)
  6 sea snakes
  A death drake (Abyss:3)
  7 glowing orange brains
  2 starcursed masses (Abyss:3)
  16 deep elf archers
  A flayed ghost (Depths:2)
  An orange crystal statue (Depths:2)
  25 deep trolls
  3 phantasmal warriors
  A shadow dragon zombie (Vaults:4)
  A wizard (Vaults:1)
  51 deep elf magi
  3 necromancers
  14 ironbrand convokers
  14 orb spiders
  9 orc knights
  27 ugly things
  8 harpies
  5 worldbinders (Abyss:3)
  An orc sorcerer (Orc:2)
  31 wolf spiders
  8 manticores
  3 fauns (Shoals:3)
  A salamander (shapeshifter) (Vaults:3)
  A sphinx skeleton (Vaults:2)
  10 cyclopes
  3 water nymphs
  A rust devil (D:8)
  9 black mambas
  An apocalypse crab (Abyss:3)
  2 molten gargoyles (Lair:6)
  2 merfolk sirens
  26 moths of wrath
  2 torpor snails
  9 vault sentinels
  5 centaur skeletons
  A gargoyle (D:10)
  11 elephants
  2 spiny frogs (shapeshifter)
  An orange demon (Abyss:3)
  10 spiny frogs
  A smoke demon (Depths:3)
  A kobold demonologist (D:15)
  9 demonic crawlers
  2 rime drakes
  19 freezing wraiths
  An ancient zyme (Abyss:3)
  A hellwing (Abyss:3)
  36 yaktaurs
  2 anaconda simulacra (Depths:2)
  13 komodo dragons
  A spectral merfolk (Depths:2)
  25 merfolk
  3 tengu conjurers
  10 hornets
  8 trolls
  A troll (shapeshifter) (D:14)
  2 wolf spider simulacra (IceCv)
  22 jumping spiders
  A merfolk (shapeshifter) (Depths:3)
  A hornet (shapeshifter) (Abyss:3)
  6 snapping turtles
  4 raiju
  6 dream sheep
  27 blink frogs
  2 hippogriffs (shapeshifter)
  2 spriggan zombies (D:15)
  11 hippogriffs
  An ettin zombie (D:15)
  19 slime creatures
  4 spriggans
  7 shadows
  6 air elementals
  2 centaur simulacra
  11 wraiths
  A redback (shapeshifter) (Elf:1)
  51 redbacks
  24 tarantellas
  7 water elementals
  6 wyverns
  33 yaks
  8 basilisks
  A fire elemental (Elf:2)
  4 hogs (Spider:3)
  2 human simulacra (Vaults:4)
  2 golden eyes (Abyss:3)
  4 steam dragons
  9 wargs
  A soldier ant (D:14)
  7 acid dragons
  7 hell hounds
  9 porcupines
  12 water moccasins
  2 spectral trolls (Depths:2)
  3 spectral spriggans (Depths:2)
  2 floating eyes (shapeshifter)
  Duvessa (D:5)
  19 ice beasts
  33 orc warriors
  5 sky beasts
  A hornet zombie (D:14)
  2 necrophages (D:11)
  4 phantoms
  5 small abominations (Abyss:3)
  11 boggarts
  13 wolves
  A snapping turtle zombie (Depths:2)
  An alligator simulacrum (IceCv)
  23 ogres
  12 centaurs
  17 crocodiles
  A crocodile (shapeshifter) (Vaults:2)
  2 big kobolds
  2 elf zombies (D:4)
  22 bullfrogs
  2 earth elementals (Elf:1)
  3 elf skeletons (D:4)
  A wyvern zombie (D:10)
  4 water moccasin zombies (Ossuary)
  Dowan (D:5)
  A wyvern skeleton (D:13)
  2 scorpions
  2 spectral nagas (Depths:2)
  2 spectral ogres (Depths:2)
  9 killer bees
  13 wights
  4 electric eels
  A spectral centaur (Depths:2)
  A howler monkey (D:4)
  7 crimson imps
  3 human zombies
  A bullfrog zombie (D:7)
  A centaur zombie (D:8)
  5 lava snakes (Lair:6)
  6 jellies
  A quasit (D:10)
  22 orc priests
  4 hounds
  2 human skeletons (D:4)
  7 iguanas
  Terence (D:2)
  28 orc wizards
  10 worker ants
  A troll simulacrum (IceCv)
  A wolf simulacrum (IceCv)
  A killer bee zombie (D:7)
  3 hound skeletons
  2 mummies (Ossuary)
  2 worker ant zombies
  Robin (D:3)
  A howler monkey skeleton (D:8)
  A naga simulacrum (IceCv)
  6 adders
  An ogre simulacrum (IceCv)
  2 shadow imps
  13 white imps
  9 adder zombies
  2 adder skeletons
  A dart slug (D:5)
  8 leopard geckos
  152 orcs
  A ball python (D:5)
  3 giant cockroaches
  4 gnoll zombies (Ossuary)
  24 goblins
  10 hobgoblins
  27 jackals
  16 kobolds
  6 quokkas
  8 bats
  8 frilled lizards
  7 hobgoblin zombies (Ossuary)
  4 kobold zombies (Ossuary)
  An orc skeleton (D:4)
  5 orc zombies
  6 rats
  4 crawling corpses (Elf:3)
  A fungus (Lair:6)
  3 plants
  A withered plant (D:15)
1883 creatures vanquished.

Vanquished Creatures (collateral kills)
  2 ancient liches
  3 orbs of fire (Zot:5)
  2 juggernauts
  11 Killer Klowns
  Xtahua (Vaults:4)
  Frederick (Depths:3)
  2 curse toes (Zot:5)
  7 golden dragons
  2 bone dragons
  A golden dragon (shapeshifter) (Vaults:2)
  2 electric golems (Zot:5)
  The ghost of damerell the Phalangite, an adept MfAK of Lugonu (Vaults:3)
  A Tzitzimitl (Vaults:4)
  2 liches (Depths:5)
  14 tentacled monstrosities
  A deep elf blademaster (Elf:3)
  22 Orb Guardians
  A deep elf master archer (Elf:3)
  A titan (Depths:3)
  The ghost of p0werm0de the Champion of Chaos, an adept DDFi of Makhleb (Depths:1)
  2 sphinxes
  4 quicksilver dragons
  10 death cobs
  5 shadow dragons
  5 storm dragons
  A tengu reaver (Depths:5)
  3 draconian monks
  Ilsuiw (Shoals:4)
  An iron dragon (Depths:4)
  The ghost of p0werm0de the Champion of Chaos, a journeyman DDFi of Makhleb (Spider:4)
  4 fire giants
  11 frost giants
  3 draconian scorchers
  3 deep elf sorcerers
  A draconian knight (Zot:3)
  Louise (D:15)
  An emperor scorpion (Spider:3)
  5 vault wardens
  The ghost of juanjsm the Unseen, an adept SpEn of Okawaru (Shoals:4)
  A ghoul (Vaults:2)
  5 ghost moths
  5 draconian shifters
  2 reapers
  A draconian stormcaller (Zot:1)
  4 draconian annihilators
  3 ironheart preservers
  A spriggan defender (Depths:4)
  3 entropy weavers
  7 black draconians
  9 very ugly things
  14 stone giants
  9 deep elf annihilators
  A vampire knight (Vaults:2)
  A spark wasp (Depths:5)
  A lorocyproca (Depths:3)
  2 white draconians
  6 purple draconians
  3 red draconians
  7 green draconians
  4 ettins
  2 merfolk javelineers (Shoals:4)
  4 yaktaur captains
  A fire dragon (Depths:3)
  6 deep elf death magi
  12 ogre magi
  3 merfolk impalers
  3 vault guards
  2 great orbs of eyes
  3 ice dragons
  2 spriggan air magi
  A hell beast (Depths:5)
  2 hydras
  A catoblepas (Shoals:2)
  3 death knights
  2 rakshasas
  A satyr (Shoals:3)
  A merfolk avatar (Shoals:1)
  20 two-headed ogres
  8 dancing weapons
  2 alligator snapping turtles (Shoals:4)
  5 deep troll shamans
  2 death yaks (Shoals:2)
  4 merfolk aquamancers (Shoals:4)
  7 deep troll earth magi
  A vampire mage (Vaults:2)
  A hell hog (Abyss:3)
  An orc high priest (Orc:2)
  4 spriggan berserkers
  5 tengu warriors
  8 deep elf knights
  10 hell knights
  A sun demon (Depths:5)
  A wretched star (Abyss:3)
  5 iron trolls
  9 skeletal warriors
  2 death drakes
  16 deep trolls
  A deep troll (shapeshifter) (Depths:4)
  A sea snake (Shoals:4)
  5 shadow wraiths
  3 wizards
  A shadow demon (Abyss:3)
  6 flayed ghosts
  2 orange crystal statues
  6 deep elf archers
  An ironbrand convoker (Vaults:3)
  A torturous demonspawn (Depths:5)
  2 phantasmal warriors
  5 necromancers
  3 orb spiders (Spider:4)
  7 wolf spiders
  3 orc knights
  A spectral hydra (Depths:2)
  19 harpies
  3 manticores
  A tengu skeleton (Vaults:2)
  3 orc sorcerers
  5 ugly things
  3 cyclopes
  14 moths of wrath
  A salamander (Depths:5)
  10 deep elf magi
  4 vault sentinels
  4 fauns (Shoals:3)
  5 merfolk sirens
  4 water nymphs
  A molten gargoyle (Lair:6)
  2 smoke demons
  A spiny frog (Lair:4)
  A komodo dragon (shapeshifter) (Abyss:3)
  A spectral merfolk (Depths:2)
  19 yaktaurs
  A tormentor (Abyss:3)
  A rime drake (shapeshifter) (Depths:5)
  9 demonic crawlers
  2 hellwings
  2 ancient zymes (Abyss:3)
  4 jumping spiders (Spider:4)
  A troll (Vaults:4)
  A red devil (Depths:5)
  2 tengu conjurers
  12 merfolk
  A wind drake (Shoals:2)
  6 hornets
  2 raiju (Abyss:3)
  3 blink frogs (Lair:4)
  A snapping turtle (Shoals:1)
  5 slime creatures
  A shadow (Depths:2)
  8 dream sheep
  3 wraiths
  2 spriggans
  14 water elementals
  4 air elementals
  29 redbacks
  10 tarantellas
  A ynoxinul (Abyss:3)
  2 fire elementals
  A small abomination (Abyss:3)
  2 chaos spawn
  A steam dragon (shapeshifter) (Depths:4)
  A neqoxec (Abyss:3)
  3 wargs
  A swamp worm (shapeshifter) (Vaults:1)
  9 hell hounds
  2 spectral trolls (Depths:2)
  2 hydra simulacra (Depths:2)
  2 floating eyes
  4 orc warriors
  A boggart (Depths:5)
  12 ogres
  5 wolves (Depths:2)
  2 centaurs
  A wolf (shapeshifter) (Depths:1)
  A spectral ogre (Depths:2)
  A spectral naga (Depths:2)
  2 wights
  An orc wizard (Vaults:2)
  An orc priest (Orc:2)
  4 spriggan simulacra (IceCv)
  2 ogre simulacra (IceCv)
  2 white imps (IceCv)
  An ufetubus (D:15)
  5 orcs
  A crawling corpse (Elf:3)
  A plant (Zot:1)
738 creatures vanquished.

Vanquished Creatures (others)
  A death cob (Zot:2)
  A draconian knight (Zot:3)
  A draconian stormcaller (Zot:1)
  A red draconian (Zot:5)
  A deep elf death mage (Elf:2)
  A great orb of eyes (Depths:5)
  A two-headed ogre (Vaults:4)
  A deep troll shaman (Depths:1)
  2 deep elf knights
  2 deep trolls
  A deep elf archer (Elf:2)
  A necromancer (Abyss:3)
  A wolf spider (Vaults:3)
  2 deep elf magi
  An ugly thing (Vaults:3)
  5 moths of wrath
  An ancient zyme (Abyss:3)
  8 dancing weapons
  A large abomination (Abyss:3)
  An air elemental (Elf:1)
  A warg (Depths:2)
  An ogre (Depths:3)
  An eye of draining (Abyss:3)
  3 small abominations (Abyss:3)
  A water moccasin zombie (Ossuary)
  A jelly (Abyss:3)
  An adder skeleton (D:8)
  An orc (Vaults:4)
  A bush (Lair:6)
  A crawling corpse (Elf:3)
  11 fungi
  21 plants
  8 starspawn tentacles (Abyss:3)
  10 withered plants (D:15)
96 creatures vanquished.

Grand Total: 2717 creatures vanquished

Notes
Turn   | Place    | Note
-------+----------+-------------------------------------------
     0 | D:1      | dstrtn the Felid Enchanter began the quest for the Orb.
     0 | D:1      | Reached XP level 1. HP: 7/7 MP: 4/4
   359 | D:1      | Reached XP level 2. HP: 11/11 MP: 3/6
   363 | D:1      | Learned a level 2 spell: Ensorcelled Hibernation
  1373 | D:1      | Reached skill level 1 in Fighting
  1616 | D:2      | Reached XP level 3. HP: 14/15 MP: 3/7
  1752 | D:2      | Learned a level 3 spell: Confuse
  1847 | D:3      | Noticed Terence
  2048 | D:2      | Killed Terence
  2048 | D:2      | Reached skill level 1 in Ice Magic
  2109 | D:3      | Reached XP level 4. HP: 19/19 MP: 6/8
  2620 | D:3      | Found a stormy altar of Qazlal.
  2630 | D:3      | Reached skill level 3 in Dodging
  2656 | D:3      | Found a shattered altar of Ashenzari.
  2747 | D:3      | Found a blossoming altar of Fedhas.
  2818 | D:3      | Noticed Robin
  2863 | D:3      | Became a worshipper of Ashenzari the Shackled
  3083 | D:3      | Reached skill level 5 in Stealth
  3251 | D:3      | Reached skill level 5 in Hexes
  3414 | D:3      | Noticed an ogre
  3562 | D:3      | Killed an ogre
  3562 | D:3      | Reached XP level 5. HP: 22/22 MP: 3/9
  3763 | D:3      | Killed Robin
  3863 | D:4      | Reached skill level 4 in Dodging
  3883 | D:4      | Found a staircase to the Ecumenical Temple.
  3948 | D:4      | Found a sand-covered staircase.
  3963 | D:4      | Gained mutation: You are covered in thick fur. (AC +2) [Felid growth]
  3963 | D:4      | Reached XP level 6. HP: 26/26 MP: 5/10
  3968 | Ossuary  | Entered an ossuary
  5122 | Ossuary  | Gained mutation: You are partially covered in molten scales. (AC +2) [potion of mutation]
  5122 | Ossuary  | Gained mutation: Your magical capacity is low. (-10% MP) [potion of mutation]
  5122 | Ossuary  | Gained mutation: Your magical capacity is very low. (-20% MP) [potion of mutation]
  5122 | Ossuary  | Gained mutation: You are partially covered in thin metallic scales. (AC +2) [potion of mutation]
  5420 | Ossuary  | Reached skill level 5 in Dodging
  5420 | Ossuary  | Reached XP level 7. HP: 30/30 MP: 1/9
  6432 | D:4      | Reached XP level 8. HP: 31/34 MP: 3/11
  6574 | D:4      | Found a sacrificial altar of Ru.
  6992 | D:4      | Found an ancient bone altar of Kikubaaqudgha.
  7139 | D:5      | Entered Level 5 of the Dungeon
  7143 | D:5      | Reached skill level 6 in Dodging
  7214 | D:5      | Noticed Duvessa
  7214 | D:5      | Noticed Dowan
  7382 | D:5      | Reached * piety under Ashenzari
  7761 | D:5      | Learned a level 3 spell: Tukima's Dance
  7765 | D:5      | Learned a level 3 spell: Dazzling Spray
  7794 | D:5      | Found a glowing silver altar of Zin.
  8497 | D:5      | Learned a level 1 spell: Confusing Touch
  8725 | D:5      | Killed Duvessa
  8725 | D:5      | Reached skill level 7 in Dodging
  9121 | D:5      | Killed Dowan
  9703 | D:6      | Reached XP level 9. HP: 39/39 MP: 11/11
 10859 | D:7      | Learned a level 3 spell: Ozocubu's Armour
 10901 | D:7      | Reached skill level 1 in Charms
 11201 | D:7      | Found a sparkling altar of Nemelex Xobeh.
 11308 | D:7      | Reached ** piety under Ashenzari
 11335 | D:8      | Found a snail-covered altar of Cheibriados.
 11362 | D:8      | Reached skill level 1 in Evocations
 11599 | D:8      | Found a shimmering altar of Xom.
 11600 | D:8      | Found a hazy altar of Hepliaklqana.
 11601 | D:8      | Noticed a spectral ugly thing
 11612 | D:8      | Reached skill level 1 in Conjurations
 11684 | D:8      | Noticed a two-headed ogre
 12041 | D:8      | Found Sutram's Jewellery Emporium.
 12042 | D:8      | Noticed a two-headed ogre
 12193 | D:8      | Killed a two-headed ogre
 12193 | D:8      | Reached skill level 5 in Evocations
 12269 | D:8      | Bought the ring "Gim Nipp" {rPois AC+2} for 275 gold pieces
 12422 | D:8      | Killed a two-headed ogre
 12422 | D:8      | Reached XP level 10. HP: 38/43 MP: 13/14
 12468 | D:9      | Noticed Agrougrou's ghost (novice DsFi)
 12910 | D:9      | Reached skill level 8 in Dodging
 12934 | D:9      | Reached *** piety under Ashenzari
 13221 | D:9      | Reached skill level 10 in Hexes
 13249 | D:9      | Reached skill level 5 in Unarmed Combat
 13295 | D:9      | Reached skill level 10 in Stealth
 13563 | D:9      | Found a shadowy altar of Dithmenos.
 13662 | D:9      | Reached skill level 9 in Dodging
 14123 | D:9      | Reached skill level 5 in Fighting
 14130 | D:9      | Reached skill level 5 in Spellcasting
 14138 | D:9      | Learned a level 3 spell: Regeneration
 14199 | D:10     | Entered Level 10 of the Dungeon
 14233 | D:9      | Reached skill level 1 in Necromancy
 14383 | D:10     | Noticed a two-headed ogre
 14425 | D:10     | Killed a two-headed ogre
 14631 | D:10     | Found a staircase to the Orcish Mines.
 14838 | D:10     | Reached XP level 11. HP: 48/48 MP: 15/15
 15401 | D:11     | Found a staircase to the Lair.
 15407 | D:10     | Learned a level 2 spell: Blink
 15427 | D:11     | Reached skill level 1 in Translocations
 16161 | D:11     | Noticed a white ugly thing
 16238 | Lair:1   | Entered Level 1 of the Lair of Beasts
 16466 | Lair:1   | Reached **** piety under Ashenzari
 16490 | Lair:1   | Noticed a seven-headed hydra
 16690 | Lair:1   | Learned a level 4 spell: Summon Lightning Spire
 16716 | Lair:2   | Reached skill level 1 in Summonings
 16716 | Lair:2   | Reached skill level 1 in Air Magic
 17104 | Lair:2   | Noticed an oklob plant
 17104 | Lair:2   | Noticed an oklob plant
 17382 | Lair:2   | Gained mutation: Your thick and shaggy fur keeps you warm. (AC +3, rC+) [Felid growth]
 17382 | Lair:2   | Reached XP level 12. HP: 51/51 MP: 19/19
 17443 | Lair:2   | Reached skill level 10 in Dodging
 17737 | Lair:3   | Reached ***** piety under Ashenzari
 17781 | Lair:3   | Found a hole to the Spider Nest.
 18148 | Lair:4   | Learned a level 1 spell: Apportation
 18585 | Lair:4   | Noticed a four-headed hydra
 18637 | Lair:4   | Noticed Urug
 18678 | Lair:4   | Reached skill level 11 in Dodging
 18859 | Lair:4   | Killed a four-headed hydra
 18934 | Lair:4   | Killed Urug
 19012 | Lair:4   | Reached skill level 12 in Dodging
 19363 | Lair:5   | Found a snail-covered altar of Cheibriados.
 19430 | Lair:5   | Reached skill level 13 in Dodging
 19871 | Lair:5   | Reached skill level 14 in Dodging
 20142 | Lair:5   | Reached XP level 13. HP: 51/55 MP: 19/20
 20714 | Lair:6   | Entered Level 6 of the Lair of Beasts
 20722 | Lair:6   | Reached skill level 15 in Dodging
 20918 | Lair:6   | Reached ****** piety under Ashenzari
 21322 | Lair:6   | Found a viscous altar of Jiyva.
 21322 | Lair:6   | Found a staircase to the Slime Pits.
 22403 | Lair:6   | Noticed a fire dragon
 22785 | Lair:6   | Found a large runed door.
 22786 | Lair:6   | Found a large runed door.
 23062 | Lair:6   | Killed a fire dragon
 23062 | Lair:6   | Reached skill level 10 in Unarmed Combat
 23939 | Orc:1    | Entered Level 1 of the Orcish Mines
 24101 | Orc:1    | Found a roughly hewn altar of Beogh.
 24310 | Orc:1    | Reached XP level 14. HP: 45/60 MP: 20/20
 24379 | Orc:1    | Found Kaphoo Ewna's Book Shoppe.
 24596 | Orc:1    | Bought a book of Burglary for 1050 gold pieces
 24603 | Orc:2    | Entered Level 2 of the Orcish Mines
 24603 | Orc:2    | Found a staircase to the Elven Halls.
 24774 | Orc:2    | Found a roughly hewn altar of Beogh.
 24804 | Orc:2    | Found a roughly hewn altar of Beogh.
 25010 | Orc:2    | Reached skill level 15 in Stealth
 25045 | Orc:2    | Found a roughly hewn altar of Beogh.
 25286 | Orc:2    | Found a roughly hewn altar of Beogh.
 25334 | Orc:2    | Found a roughly hewn altar of Beogh.
 25335 | Orc:2    | Found Tywiv's Antique Armour Shop.
 25485 | Orc:2    | Found a roughly hewn altar of Beogh.
 25569 | Orc:2    | Found Eleceybe's Assorted Antiques.
 25578 | Orc:2    | Bought a scroll of identify for 58 gold pieces
 25578 | Orc:2    | Bought an amethyst potion for 26 gold pieces
 26082 | Orc:2    | Noticed an orc warlord
 26371 | Orc:2    | Killed an orc warlord
 26389 | Orc:2    | Learned a level 6 spell: Invisibility
 26428 | Orc:2    | Found Viawkib's Antique Armour Emporium.
 26430 | Orc:2    | Found a roughly hewn altar of Beogh.
 26441 | Orc:2    | Found Vehoikiez's Antique Weapon Shoppe.
 26578 | D:12     | Noticed Harold
 26711 | D:12     | Noticed Snorg
 26719 | D:12     | Killed Snorg
 26948 | D:12     | Killed Harold
 27042 | D:12     | Identified a scroll of acquirement
 27312 | D:12     | Reached skill level 10 in Spellcasting
 27332 | D:12     | Learned a level 2 spell: Passwall
 28202 | D:13     | Noticed othur's ghost (journeyman GrBe)
 28328 | D:13     | Found a runed door.
 28341 | D:13     | Found a runed door.
 28351 | D:13     | Found a runed door.
 28361 | D:13     | Found a runed door.
 29218 | D:13     | Killed othur's ghost
 29290 | D:14     | Found a gate to the Vaults.
 30013 | D:14     | Reached skill level 1 in Transmutations
 30100 | D:14     | Reached skill level 1 in Earth Magic
 30346 | D:14     | Reached XP level 15. HP: 63/63 MP: 24/24
 30697 | D:15     | Entered Level 15 of the Dungeon
 30736 | D:15     | Found a frozen archway.
 30865 | IceCv    | Entered an ice cave
 31095 | IceCv    | Learned a level 6 spell: Deflect Missiles
 31270 | IceCv    | Found an ancient bone altar of Kikubaaqudgha.
 31507 | IceCv    | Noticed Ymberto's ghost (journeyman DEEE)
 31644 | D:15     | Noticed Louise
 31747 | D:15     | Noticed Sonja
 31750 | D:15     | Killed Sonja
 31750 | D:15     | Reached skill level 5 in Air Magic
 31791 | D:15     | Reached skill level 5 in Charms
 31928 | D:15     | Found a glowing silver altar of Zin.
 32657 | Spider:1 | Entered Level 1 of the Spider Nest
 34328 | Spider:3 | Noticed a ghost moth
 34425 | Spider:3 | Noticed Kirke
 34707 | Lair:2   | Found a staircase to the Shoals.
 34748 | Shoals:1 | Entered Level 1 of the Shoals
 35015 | Shoals:2 | Noticed Polyphemus
 35133 | D:8      | Bought an uncursed ring of flight for 227 gold pieces
 36136 | D:15     | Reached XP level 16. HP: 66/66 MP: 10/27
 36801 | D:15     | Killed Louise
 36913 | D:15     | Found a staircase to the Depths.
 37204 | Orc:1    | Bought a book of Beasts for 770 gold pieces
 37232 | Elf:1    | Entered Level 1 of the Elven Halls
 37746 | Elf:1    | Found a deep blue altar of Sif Muna.
 38331 | Orc:1    | Learned a level 5 spell: Summon Mana Viper
 38621 | Elf:1    | Reached skill level 5 in Summonings
 39405 | Elf:2    | Found a runed gate.
 39406 | Elf:2    | Found a runed gate.
 39406 | Elf:2    | Found a runed gate.
 39455 | Elf:3    | Entered Level 3 of the Elven Halls
 39701 | Elf:3    | Found Isetaorr's Quality Used Wands.
 39780 | Elf:3    | Found Cycweih's Gadget Shoppe.
 39780 | Elf:3    | Found Kicyokam's Jewellery Boutique.
 39781 | Elf:3    | Found Kiuth's Jewellery Boutique.
 40443 | Elf:3    | Noticed a deep elf blademaster
 40504 | Elf:3    | Noticed a deep elf master archer
 40526 | Elf:3    | Noticed a deep elf blademaster
 41119 | Depths:1 | Entered Level 1 of the Depths
 41133 | Depths:1 | Noticed a sphinx
 41148 | Depths:1 | Killed a sphinx
 42176 | Spider:3 | Reached XP level 17. HP: 70/70 MP: 5/29
 42390 | Spider:3 | Reached skill level 15 in Spellcasting
 42628 | Spider:3 | Noticed Jorgrun
 42637 | Spider:3 | Killed Jorgrun
 43353 | Spider:3 | Killed Kirke
 43665 | Spider:4 | Entered Level 4 of the Spider Nest
 44937 | Spider:4 | Learned a level 7 spell: Summon Hydra
 46768 | Spider:4 | Reached skill level 10 in Summonings
 47119 | Spider:4 | Noticed p0werm0de's ghost (journeyman DDFi)
 47503 | Spider:4 | Killed p0werm0de's ghost
 48523 | Spider:4 | Got a gossamer rune of Zot
 50121 | Shoals:2 | Killed Polyphemus
 50623 | Shoals:2 | Reached skill level 16 in Dodging
 50726 | Shoals:2 | Reached XP level 18. HP: 51/76 MP: 7/31
 51337 | Elf:3    | Bought the ring of Bigam {rElec rPois rF+ MR+} for 745 gold pieces
 53499 | Elf:3    | Identified the amulet "Zemann" {Gourm rPois rF+}
 53624 | Elf:3    | Reached skill level 10 in Fighting
 53903 | Elf:3    | Identified Sif Muna's Handbook of the Destructive Volcanoes
 55537 | Shoals:4 | Entered Level 4 of the Shoals
 55897 | Shoals:4 | Reached skill level 10 in Evocations
 56218 | Shoals:4 | Noticed juanjsm's ghost (adept SpEn)
 56228 | Shoals:4 | Killed juanjsm's ghost
 57168 | Shoals:4 | Noticed Ilsuiw
 57514 | Shoals:4 | Killed Ilsuiw
 57723 | Shoals:4 | Reached XP level 19. HP: 59/84 MP: 4/32
 58188 | Shoals:4 | Got a barnacled rune of Zot
 58372 | Vaults:1 | Entered Level 1 of the Vaults
 58862 | Vaults:1 | Found Jiraib's Weapon Shop.
 58977 | Vaults:1 | Reached skill level 15 in Evocations
 60741 | Vaults:2 | Reached skill level 17 in Dodging
 61370 | Vaults:2 | Learned a level 6 spell: Shadow Creatures
 62556 | Vaults:2 | Reached skill level 18 in Dodging
 64286 | Vaults:2 | Found a staircase to the Crypt.
 64314 | Vaults:2 | Noticed a golden dragon
 64328 | Vaults:2 | Killed a golden dragon
 64522 | Vaults:2 | Found a staircase to the Crypt.
 65863 | Vaults:3 | Reached XP level 20. HP: 88/88 MP: 33/33
 66250 | Vaults:3 | Reached skill level 19 in Dodging
 66833 | Vaults:3 | Found Hugimesch's Assorted Antiques.
 66854 | Vaults:3 | Bought a scroll of blinking for 262 gold pieces
 66854 | Vaults:3 | Bought a transparent bronze amulet for 175 gold pieces
 66854 | Vaults:3 | Identified the amulet "Sapos" {Reflect *Contam rC++ Dex-3 SH+6 Stlth+} (You bought it in a shop on level 3 of the Vaults)
 67164 | Vaults:3 | Noticed damerell's ghost (adept MfAK)
 68252 | Vaults:3 | Killed damerell's ghost
 68796 | Vaults:4 | Found Kuvech's Antique Armour Shoppe.
 68929 | Vaults:4 | Noticed Xtahua
 69200 | Vaults:4 | Killed Xtahua
 69973 | Vaults:4 | Found Olei's Distillery.
 70190 | Vaults:4 | Bought a potion of magic for 88 gold pieces
 70190 | Vaults:4 | Bought a potion of heal wounds for 55 gold pieces
 70190 | Vaults:4 | Bought a potion of heal wounds for 55 gold pieces
 70190 | Vaults:4 | Bought 2 potions of brilliance for 88 gold pieces
 70190 | Vaults:4 | Bought a potion of resistance for 110 gold pieces
 70190 | Vaults:4 | Bought a potion of mutation for 88 gold pieces
 70190 | Vaults:4 | Bought a potion of brilliance for 44 gold pieces
 70190 | Vaults:4 | Bought a potion of brilliance for 44 gold pieces
 71657 | Depths:1 | Noticed p0werm0de's ghost (adept DDFi)
 71731 | Depths:1 | Reached skill level 20 in Dodging
 71873 | Depths:1 | Found a gateway to Hell.
 71963 | Depths:1 | Killed p0werm0de's ghost
 72038 | Depths:1 | Found a one-way gate leading to the halls of Pandemonium.
 72413 | Depths:1 | Reached XP level 21. HP: 91/91 MP: 22/33
 73589 | Depths:2 | Reached skill level 21 in Dodging
 73589 | Depths:2 | Reached XP level 22. HP: 95/95 MP: 18/34
 74642 | Depths:2 | Noticed an ancient lich
 75435 | Depths:2 | Reached skill level 22 in Dodging
 76807 | Depths:2 | Killed an ancient lich
 76932 | Depths:3 | Noticed Frederick
 77679 | Depths:3 | Noticed Mennas
 77960 | Depths:2 | Reached skill level 23 in Dodging
 78337 | Depths:3 | Killed Frederick
 79936 | Depths:4 | Found a one-way gate to the infinite horrors of the Abyss.
 80074 | Depths:3 | Noticed a juggernaut
 80122 | Depths:3 | Killed a juggernaut
 80782 | Depths:4 | Reached XP level 23. HP: 54/99 MP: 30/36
 81024 | Depths:4 | Noticed a juggernaut
 81519 | Depths:4 | Killed a juggernaut
 81698 | Depths:5 | Entered Level 5 of the Depths
 81698 | Depths:5 | Noticed a juggernaut
 81791 | Depths:5 | Killed a juggernaut
 82121 | Depths:5 | Noticed a caustic shrike
 82121 | Depths:5 | Noticed a caustic shrike
 82500 | Lair:1   | Learned a level 7 spell: Spellforged Servitor
 82818 | Vaults:4 | Learned a level 6 spell: Iron Shot
 83018 | Depths:4 | Voluntarily entered the Abyss.
 83078 | Abyss:3  | Found a blossoming altar of Fedhas.
 83221 | Abyss:3  | Reached skill level 5 in Conjurations
 84049 | Abyss:3  | Identified the ring "Wead" {+Fly Str+2}
 84096 | Abyss:3  | Found a corrupted altar of Lugonu.
 84513 | Abyss:3  | Found a blossoming altar of Fedhas.
 84513 | Abyss:3  | Found a huge runed gate.
 84513 | Abyss:3  | Found a huge runed gate.
 84513 | Abyss:3  | Found a huge runed gate.
 84513 | Abyss:3  | Found a huge runed gate.
 84516 | Abyss:3  | Found a huge runed gate.
 84613 | Abyss:3  | Noticed a juggernaut
 84620 | Abyss:3  | Found a shadowy altar of Dithmenos.
 84628 | Abyss:3  | Found a glowing golden altar of the Shining One.
 84701 | Abyss:3  | Got an abyssal rune of Zot
 84988 | Depths:4 | Escaped the Abyss
 85074 | Depths:4 | Reached skill level 10 in Conjurations
 85474 | Depths:4 | Found a one-way gate to the infinite horrors of the Abyss.
 85845 | Depths:5 | Found a gateway to a ziggurat.
 86655 | Depths:5 | Found a gate to the Realm of Zot.
 87034 | Zot:1    | Entered Level 1 of the Realm of Zot
 87530 | Lair:1   | Learned a level 4 spell: Animate Dead
 87899 | Zot:1    | Reached XP level 24. HP: 97/103 MP: 37/37
 89659 | Zot:2    | Reached skill level 15 in Summonings
 89705 | Zot:2    | Found an opulent altar of Gozag.
 92635 | Zot:4    | Reached XP level 25. HP: 100/112 MP: 27/38
 93743 | Zot:5    | Entered Level 5 of the Realm of Zot
 94110 | Zot:3    | Reached skill level 15 in Fighting
 94758 | Zot:5    | Reached skill level 24 in Dodging
 95062 | Zot:1    | Reached skill level 25 in Dodging
 95545 | Shoals:1 | Learned a level 7 spell: Summon Hydra
 95720 | Orc:2    | Bought a scroll of fog for 58 gold pieces
 95720 | Orc:2    | Bought a scroll of recharging for 275 gold pieces
 96617 | Zot:5    | Reached skill level 26 in Dodging
 97132 | Zot:5    | Reached skill level 5 in Earth Magic
 97236 | Zot:5    | Noticed an orb of fire
 97384 | Zot:5    | Reduced skill Stealth to level 15
 97392 | Zot:5    | Noticed an ancient lich
 97401 | Zot:5    | Killed an ancient lich
 98179 | Zot:5    | Reached skill level 10 in Earth Magic
 98430 | Zot:5    | Noticed an orb of fire
 98431 | Zot:5    | Gained mutation: Your magical capacity is extremely low. (-30% MP) [an orb of fire]
 98448 | Zot:5    | Killed an orb of fire
 98644 | Zot:5    | Reached XP level 26. HP: 122/122 MP: 14/33
100232 | Zot:5    | Noticed an orb of fire
100272 | Zot:5    | Killed an orb of fire
100604 | Zot:5    | Killed an orb of fire
101148 | Zot:5    | Got the Orb of Zot
101936 | D:$      | Escaped with the Orb!

Skill      XL: |  1  2  3  4  5  6  7  8  9 10 11 12 13 14 15 16 17 18 19 20 21 22 23 24 25 26 |
---------------+-------------------------------------------------------------------------------+-----
Unarmed Combat | 2 3 4 5 6 10 12 14 | 14.0
Fighting       | 1 2 3 4 5 6 7 10 13 16 | 16.0
Ice Magic      | 1 2 |  2.0
Dodging        | 3 4 5 7 9 14 15 16 18 20 21 23 26 | 26.2
Stealth        | 5 6 7 8 9 10 11 12 14 17 18 20 21 12 | 12.6
Hexes          | 5 6 7 9 10 11 | 11.4
Spellcasting   | 3 4 5 7 10 13 14 16 17 18 19 20 | 20.0
Charms         | 2 3 7 |  7.0
Evocations     | 5 13 15 11 | 11.1
Conjurations   | 3 11 12 | 12.0
Necromancy     | 3 |  3.3
Translocations | 2 |  2.0
Summonings     | 4 8 11 14 15 | 15.0
Air Magic      | 3 4 6 |  6.4
Transmutations | 1 |  1.0
Earth Magic    | 1 2 11 13 | 13.7

Action                   |  1- 3 |  4- 6 |  7- 9 | 10-12 | 13-15 | 16-18 | 19-21 | 22-24 | 25-27 || total
-------------------------+-------+-------+-------+-------+-------+-------+-------+-------+-------++-------
Melee: Unarmed           |    70 |   160 |   484 |   751 |  1012 |   687 |   594 |   849 |   289 ||  4896
       Bite              |     7 |    12 |    52 |    74 |    87 |    68 |    55 |   112 |    40 ||   507
       Punch             |       |     1 |     4 |    15 |    39 |    38 |    34 |    58 |    25 ||   214
 Cast: Corona            |    12 |     8 |       |       |       |       |       |       |       ||    20
       Ensorcelled Hiber |    20 |    30 |    41 |   105 |   303 |   197 |    29 |       |       ||   725
       Confuse           |     1 |    30 |    74 |   126 |   266 |   118 |   232 |   192 |       ||  1039
       Confusing Touch   |       |       |    26 |    69 |    12 |    14 |       |       |       ||   121
       Dazzling Spray    |       |       |    12 |     6 |    58 |       |       |       |       ||    76
       Ozocubu's Armour  |       |       |     4 |     2 |     2 |     9 |       |    23 |     4 ||    44
       Regeneration      |       |       |       |    28 |    45 |    70 |    20 |    67 |    24 ||   254
       Tukima's Dance    |       |       |       |     4 |    34 |     3 |     3 |       |       ||    44
       Blink             |       |       |       |    10 |    14 |    40 |     7 |    37 |    16 ||   124
       Summon Lightning  |       |       |       |     9 |    42 |   120 |    42 |    36 |    16 ||   265
       Apportation       |       |       |       |     3 |     8 |       |    11 |    21 |       ||    43
       Invisibility      |       |       |       |       |     4 |    21 |    11 |    32 |    20 ||    88
       Passwall          |       |       |       |       |    31 |    37 |     3 |    54 |    20 ||   145
       Deflect Missiles  |       |       |       |       |     1 |     7 |     7 |     5 |     1 ||    21
       Summon Mana Viper |       |       |       |       |       |   137 |    40 |    18 |     4 ||   199
       Summon Hydra      |       |       |       |       |       |   107 |    43 |    56 |     4 ||   210
       Shadow Creatures  |       |       |       |       |       |       |   190 |   198 |   123 ||   511
       Spellforged Servi |       |       |       |       |       |       |       |    64 |    70 ||   134
       Animate Dead      |       |       |       |       |       |       |       |    15 |    21 ||    36
       Iron Shot         |       |       |       |       |       |       |       |     2 |     1 ||     3
Invok: Curse Item        |       |     1 |     1 |     2 |       |     3 |     2 |     1 |       ||    10
       Scrying           |       |       |       |       |     4 |    25 |     4 |    32 |    11 ||    76
       Transfer Knowledg |       |       |       |       |       |       |       |     1 |     2 ||     3
       End Transfer Know |       |       |       |       |       |       |       |       |     1 ||     1
 Abil: Evoke Berserk Rag |       |       |       |       |       |     1 |       |       |       ||     1
       Evoke Flight      |       |       |       |       |       |    44 |     7 |    19 |       ||    70
       Stop Flying       |       |       |       |       |       |    13 |     1 |     6 |       ||    20
Evoke: Wand              |       |       |     2 |       |    11 |    52 |     8 |    29 |    41 ||   143
       Lightning rod     |       |       |       |       |       |    12 |       |     8 |       ||    20
       Phial of floods   |       |       |       |       |       |     1 |     1 |     6 |     2 ||    10
       Box of beasts     |       |       |       |       |       |       |       |     1 |       ||     1
       Sack of spiders   |       |       |       |       |       |       |       |     1 |       ||     1
       Phantom mirror    |       |       |       |       |       |       |       |     1 |       ||     1
  Use: Potion            |       |     2 |       |     1 |       |     4 |     3 |    31 |     7 ||    48
       Scroll            |       |       |    10 |    12 |    15 |    17 |    13 |    15 |     6 ||    88
 Stab: Sleeping          |    22 |    27 |    49 |    90 |   240 |   161 |    67 |    67 |     7 ||   730
       Confused          |       |    20 |    45 |   103 |   111 |    50 |   119 |    67 |       ||   515
       Invisible         |       |       |     2 |     4 |    24 |    40 |    42 |   111 |    90 ||   313
       Distracted        |       |       |     1 |     1 |     2 |    11 |    14 |    28 |    10 ||    67
       Fleeing           |       |       |       |       |       |       |       |     1 |       ||     1
  Eat: Chunk             |    11 |     7 |    27 |    27 |    39 |   118 |   126 |   158 |    43 ||   556
       Royal jelly       |       |       |       |       |       |     8 |       |     6 |     4 ||    18
       Meat ration       |       |       |       |       |       |       |       |       |     5 ||     5
Armor: Skin              |     3 |    15 |    38 |    43 |    56 |    83 |    16 |    51 |     7 ||   312
Dodge: Dodged            |    62 |    92 |   357 |   403 |   659 |  1209 |   483 |  1251 |   440 ||  4956
       Deflected         |       |       |       |       |     2 |    29 |    31 |    41 |    15 ||   118
